Map: Ruins of Seras

Players

SortOf - Winner!

  • Race: Zerg Zerg

Wintersc2 (Winter)

  • Race: Terran Terran

VOD

Have the link to the VOD?

Description

Time

  • Played on: April 2, 2015, 7:23 a.m.
  • Length: 9:20
Show
View Real Time Build Order
Export as new Build Order

SortOf Zerg - Winner!

Build Orders: Hatch First 

Get SALT Encoding   

  12  0:01  Drone  
  13  0:12  Overlord  
  13  0:17  Drone  
  14  0:30  Drone x2  
  16  0:36  Drone  
  17  0:54  Hatchery  
  17  0:56  Drone  
  17  1:10  Spawning Pool  
  16  1:13  Drone  
  16  1:16  Drone  
  18  1:19  Extractor  
  18  1:21  Drone  
  18  1:28  Drone  
  19  1:40  Drone  
  20  1:49  Overlord  
  20  1:57  Queen  
  22  2:06  Queen  
  22  2:07  Drone x2  
  26  2:11  Zergling x2  
  27  2:18  Metabolic Boost, Drone  
  28  2:23  Drone  
  28  2:27  Overlord  
  29  2:32  Queen  
  31  2:39  Drone x2  
  33  2:47  Queen  
  35  2:52  Drone x2  
  35  2:54  Overlord  
  37  3:00  Drone  
  37  3:04  Drone  
  39  3:09  Lair  
  39  3:11  Drone x2  
  41  3:15  Drone x2  
  41  3:18  Overlord  
  43  3:22  Drone x2  
  43  3:26  Drone  
  46  3:31  Drone x3  
  49  3:35  Overlord  
  49  3:41  Extractor  
  48  3:42  Extractor  
  48  3:43  Extractor, Zergling x6  
  48  3:44  Zergling x2  
  48  3:47  Drone  
  51  3:53  Drone x3  
  54  3:56  Overlord  
  54  3:57  Drone x2  
  56  4:05  Spine Crawler  
  56  4:07  Overlord  
  56  4:09  Drone x2  
  57  4:15  Spire  
  57  4:17  Drone  
  57  4:23  Queen  
  59  4:26  Drone x2  
  59  4:31  Drone x2  
  62  4:34  Baneling Nest  
  62  4:39  Zergling x4  
  62  4:40  Zergling x4  
  62  4:41  Zergling x2  
  67  4:50  Overlord  
  67  4:57  Drone  
  67  4:58  Overlord  
  67  5:00  Spore Crawler  
  67  5:05  Hatchery  
  65  5:10  Drone  
  65  5:11  Overlord  
  66  5:26  Mutalisk x2  
  66  5:27  Mutalisk x4  
  78  5:28  Mutalisk  
  78  5:32  Mutalisk  
  82  5:37  Drone, Hydralisk Den  
  82  5:39  Drone  
  82  5:40  Drone  
  82  5:42  Drone  
  85  5:45  Drone  
  86  5:50  Drone x2  
  86  5:52  Overlord  
  86  5:56  Drone  
  89  5:57  Evolution Chamber  
  89  5:58  Evolution Chamber  
  89  6:01  Drone x2  
  89  6:03  Overlord  
  89  6:07  Drone  
  89  6:08  Drone  
  89  6:09  Extractor  
  89  6:10  Extractor  
  89  6:14  Drone  
  89  6:15  Roach Warren  
  89  6:19  Drone x2  
  89  6:22  Overlord  
  89  6:25  Zerg Ground Armor Level 1  
  91  6:28  Zerg Missile Weapons Level 1  
  91  6:30  Drone  
  91  6:31  Drone  
  93  6:33  Drone  
  93  6:38  Overlord  
  94  6:40  Drone  
  94  6:42  Overlord  
  94  6:43  Drone  
  96  6:55  Glial Reconstitution  
  96  6:57  Roach, Muscular Augments  
  96  7:01  Drone  
  99  7:03  Drone x3  
  99  7:04  Roach  
  99  7:07  Roach  
  106  7:10  Roach x2  
  106  7:13  Overlord  
  106  7:15  Hatchery  
  109  7:20  Roach x3  
  113  7:27  Hydralisk x3  
  119  7:31  Hydralisk  
  119  7:34  Hydralisk  
  119  7:35  Hydralisk  
  123  7:39  Drone x3  
  126  7:45  Hydralisk x2  
  126  7:48  Hydralisk  
  126  7:51  Hydralisk  
  130  8:03  Hydralisk x3  
  135  8:16  Hydralisk x2  
  135  8:17  Hydralisk x4  
  147  8:24  Infestation Pit  
  146  8:30  Roach x2  
  150  8:35  Ravager x3  
  150  8:37  Roach, Zergling x4  
  150  8:38  Baneling x2  
  150  8:39  Zergling x2  
  150  8:40  Baneling  
  158  8:44  Roach x2  
  158  8:47  Roach x2  
  166  8:48  Baneling  
  166  8:50  Roach  
  166  8:54  Zergling x2  
  166  8:55  Overlord  
Show
View Real Time Build Order
Export as new Build Order

Wintersc2 Terran 

Build Orders: 1 Rax Expand, Mech 

Get SALT Encoding   

  12  0:01  SCV  
  13  0:13  SCV  
  14  0:23  Supply Depot  
  14  0:29  SCV  
  15  0:44  SCV  
  15  0:48  Barracks  
  16  0:52  Refinery  
  16  0:56  SCV  
  17  1:09  SCV  
  18  1:21  SCV  
  19  1:36  Orbital Command  
  19  1:37  Marine  
  19  1:39  Supply Depot  
  20  1:59  Command Center  
  20  2:04  SCV  
  20  2:05  Barracks Reactor  
  21  2:16  SCV  
  22  2:28  SCV  
  23  2:32  Factory  
  23  2:40  SCV  
  24  2:49  Marine x2  
  26  2:52  SCV  
  26  2:55  Supply Depot  
  27  3:04  SCV  
  28  3:07  Marine  
  28  3:08  Marine  
  30  3:16  Orbital Command  
  30  3:21  Command Center, SCV  
  30  3:24  Factory Tech Lab  
  31  3:33  SCV  
  32  3:40  Marine x2  
  34  3:42  SCV  
  34  3:45  SCV  
  34  3:47  Factory  
  36  3:54  SCV  
  36  3:55  Supply Depot  
  37  3:57  Marine  
  37  3:58  SCV  
  39  4:04  Siege Tank  
  39  4:06  SCV  
  39  4:09  Refinery  
  43  4:10  SCV  
  44  4:18  SCV  
  44  4:22  SCV  
  46  4:24  Marine  
  46  4:25  Marine  
  46  4:30  SCV  
  49  4:34  SCV, Orbital Command  
  49  4:42  SCV  
  50  4:46  SCV, Starport  
  50  4:48  Supply Depot  
  50  4:52  Factory Reactor  
  51  4:54  SCV  
  52  5:05  SCV  
  53  5:08  SCV x2  
  53  5:10  Marine x2  
  57  5:17  Armory, SCV  
  57  5:18  Refinery x2  
  57  5:20  SCV, Missile Turret  
  59  5:23  Supply Depot  
  59  5:24  SCV  
  59  5:25  Missile Turret  
  59  5:28  Missile Turret  
  60  5:30  Missile Turret x2  
  60  5:34  Factory  
  60  5:35  SCV x2  
  62  5:37  SCV  
  63  5:47  SCV  
  63  5:48  Hellion  
  63  5:49  Hellion  
  68  5:51  SCV, Missile Turret  
  68  5:53  Missile Turret  
  69  6:03  Supply Depot  
  69  6:04  Thor  
  69  6:07  SCV  
  76  6:14  SCV  
  77  6:21  Hellion x2  
  77  6:22  Factory Tech Lab  
  77  6:24  Medivac  
  83  6:33  SCV x2  
  85  6:41  Terran Vehicle and Ship Weapons Level 1  
  85  6:43  Thor  
  80  7:03  SCV  
  80  7:06  Thor  
  80  7:08  Missile Turret  
  87  7:10  Hellion x2  
  91  7:16  Missile Turret  
  91  7:23  SCV  
  91  7:25  Thor  
  91  7:26  SCV  
  99  7:31  Hellbat  
  101  8:18  Thor, Hellbat  
  109  8:55  SCV x2  
  108  9:07  SCV x2  
Tags
 
Composition
Mech
Matchup
TvZ
Replay Pack
winter
Add a new tag
Caveats
  • Supply blocks, unpowered buildings, or Contaminate may cause inaccurate times.
  • Supply counts are checked every 10 seconds.